 Dungeon Crawl Stone Soup version 0.25-b1-46-gb8a1ec05df (webtiles) character file.

Game seed: 8053928928069514424

1184577 gruber the Archmage (level 27, -9/223 (224) HPs)
             Began as an Octopode Conjurer on June 7, 2020.
             Was the Champion of Vehumet.
             Mangled by a tentacled starspawn (28 damage)
             ... while petrified by you
             ... on level 4 of the Abyss on June 9, 2020.
             The game lasted 05:34:37 (144627 turns).

gruber the Archmage (Octopode Conjurer)           Turns: 144627, Time: 05:34:38

HP:   -9/223 (224)  AC:  5    Str:  9      XL:     27
MP:   10/54         EV: -1    Int: 56 (57) God:    Vehumet [******]
Gold: 6828          SH:  0    Dex: 20      Spells: 15/80 levels left

rFire    + + .     SeeInvis .   Z - +4 trident of Ravage {vamp, Int+3}
rCold    + + +     Gourm    .   Y - +0 tower shield {rC+}
rNeg     + + +     Faith    .   Q - -2 hat of the Alchemist {rElec rPois rF+ rC+ rN+ MR+ rMut rCorr}
rPois    ∞         Spirit   .   s - amulet of magic regeneration
rElec    +         Reflect  .   G - ring "Vunomyga" {rC+ rN+}
rCorr    +         Harm     .   C - +6 ring of intelligence
rMut     +                      g - ring of Phasing {EV+8}
MR       ++++.                  p - ring of protection from fire
Stlth    +++++++...             X - +6 ring of intelligence
HPRegen  0.47/turn              V - ring "Seytex" {Int+7 Dex+6}
MPRegen  0.59/turn              D - +6 ring of intelligence
                                P - ring of the Worm {EV+4 Str+2}

@: mighty, lich-form, petrified, hasted, constricted
A: almost no armour, stealthy swim, amphibious, 8 rings, constrict 8, camouflage
1, gelatinous body 1
}: 8/15 runes: serpentine, barnacled, slimy, silver, iron, obsidian, icy, bone
a: End Transformation, Renounce Religion


You were on level 4 of the Abyss.
You worshipped Vehumet.
Vehumet was exalted by your worship.
You were not hungry.
You were a lich.
You visited 16 branches of the dungeon, and saw 82 of its levels.
You visited the Abyss 1 time.
You visited 3 bazaars.
You also visited: Ossuary, Gauntlet, Ice Cave and Desolation.

You collected 13322 gold pieces.
You spent 6494 gold pieces at shops.

Inventory:

Hand Weapons
 a - the +9 hand axe of Suka Fiz {freeze, MR++ Int+2 SInv}
   (You took it off a servant of whispers in the Desolation of Salt)

   It has been specially enchanted to freeze those struck by it, causing extra
   injury to most foes and up to half again as much damage against particularly
   susceptible opponents.
   It can also slow down cold-blooded creatures.
   It affects your intelligence (+2).
   It affects your resistance to hostile enchantments.
   It lets you see invisible.
 R - a +4 demon trident of freezing
 Z - the +4 trident of Ravage (weapon) {vamp, Int+3}
   (You found it on level 5 of the Pits of Slime)

   It inflicts no extra harm, but heals its wielder when it wounds a living foe.
   It affects your intelligence (+3).
Armour
 Q - the -2 hat of the Alchemist (worn) {rElec rPois rF+ rC+ rN+ MR+ rMut rCorr}
   (You found it in the Desolation of Salt)

   It protects you from fire.
   It protects you from cold.
   It insulates you from electricity.
   It protects you from poison.
   It protects you from negative energy.
   It affects your resistance to hostile enchantments.
   It provides partial protection from all sources of acid and corrosion.
   It protects you from mutation.
 Y - a +0 tower shield of cold resistance (worn)
Magical Staves
 v - an uncursed staff of energy
Jewellery
 g - the ring of Phasing (on tentacle) {EV+8}
   (You found it in a Gauntlet)

   [ring of evasion]

   It affects your evasion (+8).
 m - a +6 ring of intelligence
 p - a ring of protection from fire (on tentacle)
 q - a +6 ring of intelligence
 s - an amulet of magic regeneration (around mantle)
 w - an uncursed amulet of regeneration
 C - a +6 ring of intelligence (right tentacle)
 D - a +6 ring of intelligence (on tentacle)
 G - the ring "Vunomyga" (left tentacle) {rC+ rN+}
   (You took it off a deep elf death mage on level 3 of the Elven Halls)

   [ring of protection from cold]

   It protects you from cold.
   It protects you from negative energy.
 P - the ring of the Worm (on tentacle) {EV+4 Str+2}
   (You took it off a deep elf high priest on level 3 of the Elven Halls)

   [ring of evasion]

   It affects your evasion (+4).
   It affects your strength (+2).
 U - the ring of Vuixta Xapu {*Contam +Inv rN++ MP+9 SInv}
   (You found it on level 1 of the Vaults)

   [ring of magical power]

   It greatly protects you from negative energy.
   It affects your magic capacity (+9).
   It lets you see invisible.
   It lets you turn invisible.
   It causes magical contamination when unequipped.
 V - the ring "Seytex" (on tentacle) {Int+7 Dex+6}
   (You found it on level 5 of the Pits of Slime)

   [ring of dexterity]

   It affects your intelligence (+7).
   It affects your dexterity (+6).
 X - a +6 ring of intelligence (on tentacle)
Wands
 d - a wand of clouds (19)
 e - a wand of paralysis (9)
 H - a wand of acid (20)
 L - a wand of iceblast (75)
 T - a wand of digging (7)
Scrolls
 j - 16 scrolls of identify
 k - 31 scrolls of teleportation
 o - 4 scrolls of magic mapping
 r - 9 scrolls of vulnerability
 u - 7 scrolls of enchant armour
 y - 8 scrolls of fog
 A - a scroll of enchant weapon
 B - 23 scrolls of remove curse
 E - 5 scrolls of blinking
 I - 6 scrolls of amnesia
 J - a scroll of torment
 K - 4 scrolls of fear
 S - a scroll of holy word
Potions
 b - 11 potions of brilliance
 c - 17 potions of curing
 f - 7 potions of might
 h - 2 potions of resistance
 i - 7 potions of haste
 l - 13 potions of heal wounds
 n - 4 potions of magic
 t - 7 potions of stabbing
 x - 12 potions of flight
 M - 7 potions of cancellation
 N - 6 potions of berserk rage
 O - 4 potions of invisibility
 W - a potion of ambrosia
Miscellaneous
 F - 19 phantom mirrors
Comestibles
 z - 49 rations


   Skills:
 O Level 27 Fighting
 - Level 19.8 Polearms
 - Level 14.0 Dodging
 * Level 14.6 Stealth
 O Level 27 Shields
 O Level 27 Spellcasting
 - Level 23.0 Conjurations
   Level 6.0 Charms
 - Level 8.0 Summonings
 - Level 15.1 Necromancy
 - Level 14.0 Translocations
 - Level 19.0 Transmutations
 - Level 24.7 Fire Magic
 - Level 23.0 Ice Magic
 - Level 6.0 Earth Magic


You had 15 spell levels left.
You knew the following spells:

 Your Spells              Type           Power        Failure   Level  Hunger
a - Magic Dart            Conj           ####         0%          1    N/A
b - Controlled Blink      Tloc           N/A          2%          8    N/A
d - Bolt of Magma         Conj/Fire/Erth ########..   0%          5    N/A
e - Aura of Abjuration    Summ           ########..   1%          5    N/A
f - Ozocubu's Refrigerat  Ice            ########..   0%          6    N/A
g - Iron Shot             Conj/Erth      ########..   1%          6    N/A
h - Absolute Zero         Ice            ########..   1%          9    N/A
i - Fire Storm            Conj/Fire      ########..   1%          9    N/A
j - Necromutation         Tmut/Necr      #########.   1%          8    N/A
k - Ignition              Fire           #########.   1%          8    N/A

Your spell library contained the following spells:

 Spells                   Type           Power        Failure   Level  Hunger
 Chain Lightning          Conj/Air       ########..   1%          8    N/A
 Animate Skeleton         Necr           N/A          0%          1    N/A
 Apportation              Tloc           ######       0%          1    N/A
 Beastly Appendage        Tmut           ######       0%          1    N/A
 Foxfire                  Conj/Fire      ####         0%          1    N/A
 Freeze                   Ice            ####         0%          1    N/A
 Infusion                 Chrm           ####         0%          1    N/A
 Sandblast                Erth           ######       0%          1    N/A
 Shock                    Conj/Air       ####         0%          1    N/A
 Summon Butterflies       Summ           ########     0%          1    N/A
 Summon Small Mammal      Summ           ####         0%          1    N/A
 Blink                    Tloc           N/A          0%          2    N/A
 Call Imp                 Summ           ########     0%          2    N/A
 Corpse Rot               Necr/Air       N/A          0%          2    N/A
 Ensorcelled Hibernation  Hex/Ice        ######       0%          2    N/A
 Searing Ray              Conj           ######       0%          2    N/A
 Shroud of Golubria       Chrm/Tloc      ######       0%          2    N/A
 Song of Slaying          Chrm           #######.     0%          2    N/A
 Sticks to Snakes         Tmut           ########     0%          2    N/A
 Sublimation of Blood     Necr           #########.   0%          2    N/A
 Call Canine Familiar     Summ           ########     0%          3    N/A
 Conjure Flame            Conj/Fire      ########     0%          3    N/A
 Dazzling Flash           Conj/Hex       ######       0%          3    N/A
 Frozen Ramparts          Ice            ######       0%          3    N/A
 Gell's Gravitas          Tloc           ########..   0%          3    N/A
 Ignite Poison            Fire/Tmut/Pois ########     0%          3    N/A
 Inner Flame              Hex/Fire       ########     0%          3    N/A
 Lesser Beckoning         Tloc           ########..   0%          3    N/A
 Mephitic Cloud           Conj/Pois/Air  ########     0%          3    N/A
 Ozocubu's Armour         Chrm/Ice       ########     0%          3    N/A
 Recall                   Summ/Tloc      N/A          0%          3    N/A
 Spider Form              Tmut/Pois      ########..   0%          3    N/A
 Static Discharge         Conj/Air       ########     0%          3    N/A
 Stone Arrow              Conj/Erth      ######       0%          3    N/A
 Vampiric Draining        Necr           #########.   0%          3    N/A
 Animate Dead             Necr           N/A          0%          4    N/A
 Dispel Undead            Necr           ########     0%          4    N/A
 Fulminant Prism          Conj/Hex       ########..   0%          4    N/A
 Hailstorm                Conj/Ice       ########     0%          4    N/A
 Ice Form                 Ice/Tmut       ########     0%          4    N/A
 Iskenderun's Mystic Bla  Conj/Tloc      ########     0%          4    N/A
 Petrify                  Tmut/Erth      ########     0%          4    N/A
 Sticky Flame             Conj/Fire      ########     0%          4    N/A
 Summon Ice Beast         Ice/Summ       ########     0%          4    N/A
 Agony                    Necr           ########     0%          5    N/A
 Blade Hands              Tmut           ########..   0%          5    N/A
 Fireball                 Conj/Fire      ########..   0%          5    N/A
 Irradiate                Conj/Tmut      ########..   0%          5    N/A
 Iskenderun's Battlesphe  Conj/Chrm      ########     0%          5    N/A
 Hydra Form               Tmut           ########..   0%          6    N/A
 Simulacrum               Ice/Necr       #########.   0%          6    N/A
 Starburst                Conj/Fire      ########..   0%          6    N/A
 Orb of Destruction       Conj           ########..   0%          7    N/A
 Corona                   Hex            ######.      1%          1    N/A
 Poisonous Vapours        Pois/Air       ######       1%          2    N/A
 Slow                     Hex            ######..     1%          2    N/A
 Swiftness                Chrm/Air       #######.     1%          2    N/A
 Confusing Touch          Hex            ######..     1%          3    N/A
 Portal Projectile        Hex/Tloc       ######       1%          3    N/A
 Spectral Weapon          Hex/Chrm       #######.     1%          3    N/A
 Summon Guardian Golem    Hex/Summ       #######.     1%          3    N/A
 Tukima's Dance           Hex            ######..     1%          3    N/A
 Airstrike                Air            ######....   1%          4    N/A
 Cause Fear               Hex            ######....   1%          4    N/A
 Leda's Liquefaction      Hex/Erth       #######...   1%          4    N/A
 Olgreb's Toxic Radiance  Pois           ######..     1%          4    N/A
 Summon Lightning Spire   Summ/Air       #######.     1%          4    N/A
 Alistair's Intoxication  Tmut/Pois      ########     1%          5    N/A
 Borgnjor's Vile Clutch   Necr/Erth      ########..   1%          5    N/A
 Excruciating Wounds      Chrm/Necr      ########..   1%          5    N/A
 Lee's Rapid Deconstruct  Erth           #######...   1%          5    N/A
 Lightning Bolt           Conj/Air       ########..   1%          5    N/A
 Metabolic Englaciation   Hex/Ice        ########..   1%          5    N/A
 Summon Demon             Summ           ########..   1%          5    N/A
 Summon Forest            Summ/Tloc      ########..   1%          5    N/A
 Summon Mana Viper        Hex/Summ       #######.     1%          5    N/A
 Yara's Violent Unravell  Hex/Tmut       ########..   1%          5    N/A
 Conjure Ball Lightning   Conj/Air       ########..   1%          6    N/A
 Death Channel            Necr           #########.   1%          6    N/A
 Dispersal                Tloc           ########..   1%          6    N/A
 Eringya's Noxious Bog    Tmut/Pois      ########..   1%          6    N/A
 Freezing Cloud           Conj/Ice/Air   ########..   1%          6    N/A
 Shadow Creatures         Summ           N/A          1%          6    N/A
 Statue Form              Tmut/Erth      ########.    1%          6    N/A
 Haunt                    Necr/Summ      ########..   1%          7    N/A
 Malign Gateway           Summ/Tloc      ########..   1%          7    N/A
 Ring of Flames           Chrm/Fire      ########..   1%          7    N/A
 Spellforged Servitor     Conj/Summ      ########..   1%          7    N/A
 Borgnjor's Revivificati  Necr           #########.   1%          8    N/A
 Infestation              Necr           #########.   1%          8    N/A
 Silence                  Hex/Air        ######....   2%          5    N/A
 Disjunction              Tloc           ########..   2%          8    N/A
 Monstrous Menagerie      Summ           ########..   3%          7    N/A
 Summon Greater Demon     Summ           ########..   3%          7    N/A
 Summon Hydra             Summ           ########..   3%          7    N/A
 Death's Door             Chrm/Necr      ########..   9%          8    N/A
 Darkness                 Hex            ######....   16%         6    N/A
 Invisibility             Hex            ######..     16%         6    N/A
 Summon Horrible Things   Summ           ########..   26%         8    N/A
 Shatter                  Erth           #######...   88%         9    N/A
 Discord                  Hex            ######....   100%        8    N/A
 Tornado                  Air            ######....   100%        9    N/A

Dungeon Overview and Level Annotations

Branches:
Dungeon (15/15)            Temple (1/1) D:6            Lair (6/6) D:10
 Shoals (4/4) Lair:2        Snake (4/4) Lair:3        Slime (5/5) Lair:5
    Orc (2/2) D:9             Elf (3/3) Orc:2        Vaults (5/5) D:14
  Crypt (3/3) Vaults:3       Tomb (0/3) Crypt:3      Depths (5/5) D:15
   Hell (visited)             Dis (7/7) Hell            Geh (7/7) Hell
    Coc (7/7) Hell            Tar (7/7) Hell            Zot (0/5) Depths:5
Ossuary (visited)           IceCv (visited)         Desolation (visited)
Gauntlet (visited)

Altars:
Ashenzari
Dithmenos
Elyvilon
Fedhas
Gozag
Hepliaklqana
Kikubaaqudgha
Makhleb
Nemelex Xobeh
Okawaru
Qazlal
Ru
Uskayaw
Vehumet
Wu Jian
Xom
Yredelemnul
Zin
The Shining One

Shops:
D:7 =[   D:8 (   D:13 *   Orc:1 :   Orc:2 }:?(   Elf:1 [   Elf:3 }::*
Shoals:1 }   Snake:4 [   Vaults:2 =   Vaults:3 !   Depths:1 :   Depths:5 }=}

Portals:
Hell: Depths:1 Depths:2 Depths:3 Depths:4 Depths:5
Abyss: Depths:1 Depths:3 Depths:4
Pandemonium: Depths:3
Ziggurat: Depths:4

Annotations:
Crypt:2 2 transporters, Kucw's ghost, adept GrFi


Innate Abilities, Weirdness & Mutations

You cannot wear most types of armour.
You are very stealthy in the water. (Stealth+)
You are amphibious.
You can wear up to eight rings at the same time.
You can use your tentacles to constrict eight enemies at once.
Your skin changes colour to match your surroundings (Stealth+).
Your rubbery body absorbs attacks. (AC +1, EV +1)


Message History

The apocalypse crab claws you!
* * * LOW HITPOINT WARNING * * *
The apocalypse crab shocks you. You resist.
* * * LOW HITPOINT WARNING * * *
An ancient zyme comes into view.
The lich shaped block of ice is engulfed in seething chaos.
The lich shaped block of ice flickers and vanishes!
You hear a screech! x2; You hear a bark!
You hear a roar! x2; You hear a bark!
You are engulfed in seething chaos.
A rust devil comes into view.
* * * LOW HITPOINT WARNING * * *
The starspawn tentacle constricts you.
The shadow is engulfed in seething chaos.
The shadow slips into darkness.
The shadow flickers and vanishes!
Deactivating autopickup; reactivate with Ctrl-A.
The tentacled starspawn is engulfed in seething chaos.
The tentacled starspawn suddenly seems more agile.
The tentacled starspawn bites you!!!
You die...

. ###### #### .#.
.#.. #...## .. .#
....##.##.#....##.
#... ##...## ..x## ..
.....#.{{Λ)#...† #...
.
....)..{§w>..†.......
. .....#.tLX.#..>.
#... .#≈ #..
##{e§###.. ## . #
##.## ##.## # ## #4..
# .. # . # #..... ..
.#. . #. ......... .
.) .. . .#.≈...# .#
.. .
##≈..≈#♣...###... #
≈.# # ≈ # ≈♣


You could see a tentacled starspawn (strong, agile), a deep elf sorcerer, an
ancient zyme, an apocalypse crab (fast, slow), a rust devil and a starspawn
tentacle.

Vanquished Creatures
  Antaeus (Coc:7)
  Asmodeus (Geh:7)
  the Royal Jelly (Slime:5)
  Dissolution (Slime:5)
  Ereshkigal (Tar:7)
  the Serpent of Hell (Coc:7)
  Dispater (Dis:7)
  Mennas (Vaults:4)
  7 ancient liches
  The ghost of Tang the Slayer, a master DsGl of Makhleb (Vaults:1)
  Sojobo (Vaults:4)
  31 shard shrikes
  The ghost of Qiwept the Fencer, a veteran BaIE of Cheibriados (Depths:3)
  A caustic shrike (Depths:3)
  3 golden dragons
  Geryon (Hell)
  Nikola (Snake:3)
  34 bone dragons
  4 profane servitors
  22 doom hounds
  86 Tzitzimimeh
  52 Brimstone Fiends
  14 iron giants
  A hellephant (Abyss:4)
  14 liches
  3 tentacled monstrosities (Vaults:5)
  15 Hell Sentinels
  47 Ice Fiends
  7 titans (Vaults:5)
  2 deep elf blademasters (Elf:3)
  21 ancient champions
  31 acid blobs
  2 deep elf master archers (Elf:3)
  6 Executioners
  7 tentacled starspawn
  The ghost of Forgeling the Bewitcher, an adept FeEn of Dithmenos (Vaults:1)
  2 krakens
  20 shadow dragons
  4 sphinxes
  10 storm dragons
  Roxanne (Snake:1)
  20 azure jellies
  8 tengu reavers
  4 fire giants
  2 revenants
  10 frost giants
  A draconian knight (Depths:5)
  2 imperial myrmidons (Desolation)
  8 nagarajas
  21 balrugs
  15 vault wardens
  6 deep elf sorcerers
  11 iron dragons
  3 curse skulls
  9 cacodemons
  11 very ugly things
  12 elemental wellsprings
  144 reapers
  9 ghouls (Crypt:3)
  Louise (Shoals:1)
  15 ironheart preservers
  A draconian annihilator (Depths:5)
  3 deep elf elementalists
  22 war gargoyles
  18 stone giants
  A green draconian (Depths:5)
  An ophan (Abyss:4)
  An entropy weaver (Vaults:4)
  4 deep elf demonologists (Elf:3)
  Nessos (Lair:6)
  25 vampire knights
  A black draconian (Depths:5)
  A caustic shrike skeleton (Crypt:2)
  2 yellow draconians (Depths:5)
  3 lorocyprocas
  A minotaur (Gauntlet)
  A red draconian (Depths:5)
  8 deep elf annihilators
  A minotaur (shapeshifter) (Abyss:4)
  A halazid warlock (Desolation)
  2 spark wasps (Depths:5)
  2 white draconians
  9 deep elf death magi
  A purple draconian (Depths:5)
  6 green deaths
  24 blizzard demons
  6 merfolk javelineers
  11 merfolk impalers
  13 eidola
  11 ettins
  7 fire dragons
  A crystal guardian (Desolation)
  18 death oozes
  A mummy priest (Crypt:3)
  Josephine (D:10)
  11 jiangshi
  22 quicksilver dragon zombies
  6 kraken zombies
  10 deep elf high priests
  12 great orbs of eyes
  33 vault guards
  8 ragged hierophants
  5 servants of whispers (Desolation)
  31 ice dragons
  18 yaktaur captains
  7 rakshasas
  4 catoblepae (Lair:6)
  9 hydras
  7 peacekeepers (Desolation)
  3 hell beasts
  13 centaur warriors
  13 quicksilver dragon skeletons
  17 naga warriors
  3 spriggan air magi
  3 alligator snapping turtles
  4 ghost crabs
  An alligator (shapeshifter) (Abyss:4)
  8 death knights
  3 satyrs
  6 anacondas
  6 merfolk avatars
  3 merfolk aquamancers
  32 dancing weapons
  4 deep troll shamans
  9 death yaks
  8 tengu warriors
  7 deep troll earth magi
  15 ogre magi
  11 vampire magi
  An orc high priest (Elf:3)
  50 two-headed ogres
  26 titan zombies
  7 spriggan berserkers
  79 hell hogs
  21 naga sharpshooters
  21 thrashing horrors
  3 shock serpents
  32 deep elf knights
  22 storm dragon zombies
  13 iron golems
  16 titan skeletons
  15 sun demons
  31 soul eaters
  A shock serpent (shapeshifter) (Depths:5)
  19 shadow wraiths
  11 iron trolls
  A fire crab (Gauntlet)
  100 hell knights
  10 wretched stars
  10 golden dragon zombies
  6 sea snakes
  3 sixfirhies
  2 salamander mystics
  23 starcursed masses
  2 spatial maelstroms (Abyss:4)
  3 unseen horrors
  336 skeletal warriors
  31 deep trolls
  5 glowing orange brains
  6 ghost moth zombies
  9 storm dragon skeletons
  8 wizards
  21 anaconda zombies
  35 flayed ghosts
  7 naga ritualists
  29 shadow demons
  14 harpies
  Pikel (D:8)
  52 phantasmal warriors
  16 deep elf archers
  3 kraken simulacra
  14 orc knights
  A harpy (shapeshifter) (Vaults:3)
  18 shadow dragon zombies
  21 ironbrand convokers
  24 wolf spider zombies
  32 necromancers
  17 fire giant zombies
  9 mana vipers
  9 shining eyes
  15 anaconda skeletons
  68 deep elf magi
  10 golden dragon skeletons
  4 wolf spiders
  23 frost giant zombies
  2 orc sorcerers (Orc:1)
  25 stone giant zombies
  22 manticores
  2 worldbinders
  10 shadow dragon skeletons
  13 fauns
  23 ugly things
  11 iron dragon zombies
  19 stone giant skeletons
  4 oklob plants (Lair:5)
  11 cyclopes
  31 black mambas
  A guardian serpent (shapeshifter) (Abyss:4)
  21 iron dragon skeletons
  Maurice (D:8)
  23 dire elephant zombies
  32 naga magi
  13 smoke demons
  An apocalypse crab (Abyss:4)
  8 salamanders
  18 fire giant skeletons
  9 spiny frogs
  2 gargoyles
  19 molten gargoyles
  6 guardian serpents
  An ice statue (IceCv)
  8 merfolk sirens
  Psyche (D:8)
  18 frost giant skeletons
  2 catoblepas zombies
  7 shock serpent zombies
  7 water nymphs
  74 rust devils
  A torpor snail (Lair:4)
  5 eyes of devastation
  16 vault sentinels
  A storm dragon simulacrum (Tar:7)
  6 orange demons
  82 hellions
  A titan simulacrum (Tar:4)
  A minotaur zombie (Dis:6)
  A rime drake (shapeshifter) (Vaults:3)
  2 rime drakes (Lair:6)
  2 emperor scorpion zombies
  2 shock serpent skeletons
  18 dire elephant skeletons
  48 yaktaurs
  A purple draconian zombie (Geh:6)
  94 tormentors
  67 ice devils
  12 komodo dragons
  2 anaconda simulacra
  Maggie (D:6)
  97 freezing wraiths
  A white draconian zombie (Crypt:2)
  A purple draconian skeleton (Dis:2)
  9 efreet
  A catoblepas skeleton (Coc:2)
  65 red devils
  4 tengu conjurers
  5 harpy zombies
  A death yak skeleton (Crypt:1)
  A kobold demonologist (D:7)
  9 ancient zymes
  6 jumping spiders
  A golden dragon simulacrum (Tar:6)
  A meliai (shapeshifter) (D:15)
  16 trolls
  3 meliai (Gauntlet)
  Grinder (D:4)
  2 guardian mummies (Crypt:3)
  22 merfolk
  2 polar bears (Lair:6)
  A jumping spider (shapeshifter) (Vaults:2)
  8 silent spectres
  7 hornets
  A wind drake (shapeshifter) (Vaults:3)
  36 hydra zombies
  2 polar bears (shapeshifter)
  A shadow dragon simulacrum (Coc:5)
  7 wind drakes
  Prince Ribbit (D:5)
  4 harpy skeletons
  A slime creature (shapeshifter) (Vaults:2)
  27 blink frogs
  11 dream sheep
  19 fire dragon zombies
  A wolf spider simulacrum (IceCv)
  11 hippogriffs
  21 hydra skeletons
  18 raiju
  16 ice dragon zombies
  152 slime creatures
  48 saltlings
  A snapping turtle (shapeshifter) (Vaults:2)
  13 snapping turtles
  3 tyrant leeches (Abyss:3)
  2 frost giant simulacra
  24 ettin zombies
  18 alligator zombies
  26 large abominations
  4 air elementals
  5 alligator skeletons
  8 black mamba zombies
  14 fire dragon skeletons
  Sigmund (D:6)
  280 flying skulls
  17 ice dragon skeletons
  4 spriggans
  77 shadows
  2 tarantellas (shapeshifter)
  100 wraiths
  A vampire (D:13)
  2 redbacks (Crypt:3)
  74 yaks
  6 fire bats
  27 water elementals
  8 ynoxinuls
  22 golden eyes
  6 vampire mosquitoes
  A wyvern (D:9)
  2 yaks (shapeshifter)
  An ushabti (Crypt:3)
  22 ettin skeletons
  2 golden eyes (shapeshifter)
  4 basilisks
  9 chaos spawn (Abyss:4)
  49 fire elementals
  3 black mamba skeletons
  13 hungry ghosts
  A catoblepas simulacrum (Tar:3)
  Menkaure (D:4)
  Edmund (D:5)
  7 neqoxecs (Abyss:4)
  A spectral spiny frog (Coc:5)
  9 wargs
  26 spiny frog zombies
  An infernal demonspawn zombie (Geh:4)
  9 spatial vortices (Abyss:4)
  2 merfolk zombies
  18 water moccasins
  8 hydra simulacra
  2 acid dragons (Vaults:2)
  47 nagas
  2 floating eyes
  A floating eye (shapeshifter) (Vaults:5)
  6 porcupines
  14 small abominations
  195 hell hounds
  30 orc warriors
  3 slaves (D:8)
  11 spiny frog skeletons
  18 snapping turtle zombies
  An ettin simulacrum (Coc:6)
  8 swamp dragon zombies
  A swamp drake (D:9)
  3 alligator simulacra
  35 ice beasts
  5 sky beasts
  7 eyes of draining
  A fire dragon simulacrum (Coc:3)
  A black bear (shapeshifter) (Depths:2)
  33 phantoms
  4 manticore zombies
  72 necrophages
  2 black bears
  3 manticore skeletons
  13 snapping turtle skeletons
  4 wolves (Lair:4)
  17 boggarts
  55 ogres
  3 swamp dragon skeletons
  32 centaurs
  12 crocodiles
  12 bullfrogs
  2 big kobolds (D:4)
  3 elf zombies
  A rime drake skeleton (Crypt:1)
  2 elf skeletons
  8 earth elementals
  4 spiny frog simulacra
  A yaktaur skeleton (Crypt:1)
  10 wyvern skeletons
  A water moccasin zombie (D:6)
  7 scorpions
  A queen bee zombie (Crypt:1)
  A shapeshifter zombie (Crypt:1)
  2 spriggan zombies (Geh:7)
  8 killer bees
  A swamp dragon simulacrum (Coc:3)
  3 troll zombies
  2 human simulacra
  An elephant simulacrum (IceCv)
  2 electric eels
  225 wights
  A spriggan skeleton (Geh:7)
  4 lava snakes (Snake:4)
  14 crimson imps
  3 howler monkeys
  3 draconian simulacra (IceCv)
  4 bullfrog zombies
  3 centaur skeletons
  6 jellies
  18 orc priests
  4 centaur zombies
  4 hounds
  7 human zombies
  2 quasits
  4 bullfrog skeletons
  56 iron imps
  Crazy Yiuf (D:4)
  17 iguanas
  A gnoll shaman (D:5)
  A demonspawn skeleton (Crypt:2)
  2 human skeletons
  18 orc wizards
  5 hell rats (Hell)
  A polar bear simulacrum (IceCv)
  19 worker ants
  8 troll simulacra (IceCv)
  A killer bee zombie (D:10)
  A wolf simulacrum (IceCv)
  2 big kobold zombies (Ossuary)
  3 tengu zombies
  2 centaur simulacra (IceCv)
  An ogre zombie (Coc:4)
  5 naga zombies
  A felid skeleton (Crypt:1)
  2 ogre skeletons
  4 naga skeletons
  2 tengu skeletons
  5 hound zombies
  21 mummies
  A hound skeleton (D:6)
  16 adders
  17 gnolls
  A howler monkey skeleton (D:7)
  4 ogre simulacra (IceCv)
  3 naga simulacra (IceCv)
  A swamp drake zombie (Crypt:2)
  40 shadow imps
  44 white imps
  4 oozes (Lair:5)
  6 adder zombies
  3 adder skeletons
  2 worms (D:2)
  3 leopard geckos
  133 orcs
  6 ball pythons
  4 giant cockroaches
  12 goblins
  11 hobgoblins
  8 jackals
  4 quokkas
  10 bats
  7 frilled lizards
  3 gnoll zombies (Ossuary)
  A goblin skeleton (Crypt:1)
  4 goblin zombies (Ossuary)
  3 hobgoblin zombies (Ossuary)
  5 jackal zombies (Ossuary)
  16 kobolds
  2 kobold skeletons
  2 kobold zombies
  2 leopard gecko skeletons
  A leopard gecko zombie (Crypt:2)
  An orc skeleton (Tar:2)
  An orc zombie (Geh:2)
  A quokka skeleton (D:4)
  4 quokka zombies (Ossuary)
  6 rats
  4 rat zombies (Ossuary)
  41 blocks of ice
  A bush (Shoals:2)
  8 fungi
  105 plants
  5 starspawn tentacles
  16 tentacles
  5 withered plants (Crypt:3)
6855 creatures vanquished.

Vanquished Creatures (collateral kills)
  An ugly thing (Abyss:4)
  A block of ice (Dis:6)
2 creatures vanquished.

Vanquished Creatures (others)
  A death drake (Abyss:4)
  An anaconda zombie (Geh:6)
  A wizard (Depths:3)
  A flying skull (Coc:5)
  A wraith (Dis:5)
  A chaos spawn (Abyss:4)
  A small abomination (Abyss:4)
  2 necrophages
  An orc (D:8)
  An orc skeleton (Geh:6)
  1273 blocks of ice
  20 fire vortices
  3 fungi (Lair:6)
  3 starspawn tentacles (Abyss:4)
  28 tentacles
1338 creatures vanquished.

Grand Total: 8195 creatures vanquished

Notes
Turn   | Place    | Note
-------+----------+-------------------------------------------
     0 | D:1      | gruber the Octopode Conjurer began the quest for the Orb.
     0 | D:1      | Reached XP level 1. HP: 11/11 MP: 3/3
   357 | D:1      | Reached XP level 2. HP: 17/17 MP: 3/5
   416 | D:1      | Learned a level 2 spell: Searing Ray
  1176 | D:2      | Found a shimmering altar of Xom.
  1176 | D:2      | Found a shimmering altar of Xom.
  1178 | D:2      | Reached XP level 3. HP: 21/21 MP: 6/6
  1435 | D:2      | Reached skill level 5 in Conjurations
  1435 | D:2      | Reached XP level 4. HP: 16/27 MP: 2/7
  1670 | D:2      | Found a shimmering altar of Xom.
  1671 | D:2      | Found a shimmering altar of Xom.
  1671 | D:2      | Found a shimmering altar of Xom.
  1671 | D:2      | Found a shimmering altar of Xom.
  1671 | D:2      | Found a shimmering altar of Xom.
  1674 | D:2      | Found a shimmering altar of Xom.
  2180 | D:2      | Reached XP level 5. HP: 23/31 MP: 5/8
  2343 | D:2      | Noticed a phantom
  2387 | D:2      | Found an iron altar of Okawaru.
  2412 | D:2      | Killed a phantom
  2910 | D:3      | Reached XP level 6. HP: 36/36 MP: 7/10
  3556 | D:3      | Learned a level 5 spell: Iskenderun's Battlesphere
  3972 | D:4      | Found a runed translucent door.
  3973 | D:4      | Noticed Crazy Yiuf
  4024 | D:4      | Reached XP level 7. HP: 41/41 MP: 4/13
  4081 | D:4      | Reached skill level 1 in Charms
  4170 | D:4      | Learned a level 5 spell: Bolt of Magma
  4431 | D:4      | Noticed Grinder
  4439 | D:4      | Killed Grinder
  4439 | D:4      | Reached skill level 5 in Charms
  4439 | D:4      | Reached XP level 8. HP: 46/46 MP: 7/14
  4877 | D:4      | Noticed Menkaure
  4889 | D:4      | Killed Menkaure
  5092 | D:4      | Killed Crazy Yiuf
  5253 | D:5      | Entered Level 5 of the Dungeon
  5281 | D:5      | Noticed Edmund
  5324 | D:5      | Noticed Prince Ribbit
  5563 | D:5      | Killed Prince Ribbit
  5736 | D:5      | Reached XP level 9. HP: 51/51 MP: 10/15
  5974 | D:5      | Reached skill level 10 in Conjurations
  6003 | D:5      | Killed Edmund
  6723 | D:6      | Found an opulent altar of Gozag.
  6776 | D:6      | Noticed Sigmund
  6786 | D:6      | Killed Sigmund
  6990 | D:6      | Learned a level 3 spell: Mephitic Cloud
  7303 | D:6      | Found a staircase to the Ecumenical Temple.
  7381 | Temple   | Entered the Ecumenical Temple
  7417 | Temple   | Became a worshipper of Vehumet
  7562 | D:6      | Found a burning altar of Makhleb.
  7827 | D:6      | Noticed Maggie
  7833 | D:6      | Killed Maggie
  8110 | D:7      | Identified the +2 quarterstaff "Nioxaeq" {holy, Stlth+}
  8253 | D:7      | Reached XP level 10. HP: 56/56 MP: 3/16
  8667 | D:7      | Reached * piety under Vehumet
  8667 | D:7      | Offered knowledge of Foxfire by Vehumet.
  8946 | D:7      | Reached skill level 5 in Spellcasting
  9124 | D:7      | Noticed a kobold demonologist
  9126 | D:7      | Noticed a soul eater
  9127 | D:7      | Killed a kobold demonologist
  9222 | D:7      | Found Wemp's Armour Emporium.
  9414 | D:7      | Found Ygitug's Jewellery Boutique.
  9768 | D:8      | Noticed Psyche
  9782 | D:8      | Killed Psyche
  9851 | D:8      | Noticed Pikel
  9858 | D:8      | Killed Pikel
  9941 | D:8      | Noticed a four-headed hydra
  9950 | D:8      | Killed a four-headed hydra
 10054 | D:8      | Found a basalt altar of Yredelemnul.
 10062 | D:8      | Found a sacrificial altar of Ru.
 10280 | D:8      | Found a sand-covered staircase.
 10283 | Ossuary  | Entered an ossuary
 10612 | Ossuary  | Reached ** piety under Vehumet
 10652 | Ossuary  | Offered knowledge of Freeze by Vehumet.
 11183 | D:8      | Found Udoczosa's Weapon Shoppe.
 11203 | D:8      | Reached XP level 11. HP: 61/61 MP: 16/24
 11294 | D:8      | Found a white marble altar of Elyvilon.
 11297 | D:8      | Noticed Maurice
 11309 | D:8      | Killed Maurice
 11412 | D:8      | Offered knowledge of Stone Arrow by Vehumet.
 11550 | D:8      | Found a blossoming altar of Fedhas.
 11550 | D:8      | Found a hazy altar of Hepliaklqana.
 11966 | D:9      | Found a hide-covered altar of Uskayaw.
 12070 | D:9      | Reached skill level 10 in Spellcasting
 12130 | D:9      | Reached *** piety under Vehumet
 12375 | D:9      | Offered knowledge of Frozen Ramparts by Vehumet.
 12435 | D:9      | Found a shimmering altar of Xom.
 12597 | D:9      | Noticed a two-headed ogre
 12823 | D:9      | Killed a two-headed ogre
 13249 | D:9      | Found a staircase to the Orcish Mines.
 13331 | D:10     | Entered Level 10 of the Dungeon
 13493 | D:10     | Noticed Josephine
 13505 | D:10     | Killed Josephine
 13538 | D:10     | Reached **** piety under Vehumet
 13809 | D:10     | Killed an unseen horror
 13812 | D:10     | Reached skill level 1 in Fighting
 14076 | D:10     | Offered knowledge of Lightning Bolt by Vehumet.
 14491 | D:10     | Found a staircase to the Lair.
 14832 | D:11     | Reached XP level 12. HP: 74/74 MP: 22/28
 15394 | D:11     | Reached skill level 5 in Fighting
 16927 | D:12     | Reached skill level 5 in Dodging
 17267 | D:12     | Reached ***** piety under Vehumet
 17411 | D:12     | Reached skill level 1 in Fire Magic
 17411 | D:12     | Reached skill level 1 in Earth Magic
 17423 | D:12     | Offered knowledge of Ozocubu's Refrigeration by Vehumet.
 17431 | D:12     | Learned a level 6 spell: Ozocubu's Refrigeration
 18762 | D:13     | Noticed a five-headed hydra
 18765 | D:13     | Killed a five-headed hydra
 18768 | D:13     | Noticed a centaur warrior
 18914 | D:12     | Reached XP level 13. HP: 83/83 MP: 15/29
 19085 | D:13     | Reached skill level 5 in Earth Magic
 19273 | D:13     | Reached skill level 5 in Fire Magic
 19852 | D:13     | Found Ucol's Assorted Antiques.
 19861 | D:13     | Bought a translucent steel amulet for 165 gold pieces
 19861 | D:13     | Identified the amulet of the Endless Expanse {Inacc Int+3}
                  | (You bought it in a shop on level 13 of the Dungeon)
 20046 | Lair:1   | Entered Level 1 of the Lair of Beasts
 20173 | Lair:1   | Reached skill level 1 in Ice Magic
 20630 | Lair:1   | You fall into a shaft and drop 1 floor!
 20805 | Lair:2   | Reached skill level 5 in Ice Magic
 20944 | Lair:2   | Found a staircase to the Shoals.
 22034 | Lair:3   | Found a staircase to the Snake Pit.
 22290 | Lair:3   | Learned a level 6 spell: Iron Shot
 22624 | Lair:3   | Reached XP level 14. HP: 30/90 MP: 20/30
 23149 | Lair:4   | Reached skill level 10 in Ice Magic
 23943 | Lair:5   | Found a staircase to the Slime Pits.
 24272 | Lair:5   | Identified the Disquisition on the Dark Entourage
 24276 | Lair:5   | Got a slimy great mace
 24277 | Lair:5   | Identified the cursed +1 great mace "Mestoxt" {speed, rF+
                  | Dex+3 SInv} (You found it on level 5 of the Lair of Beasts)
 25797 | Lair:6   | Entered Level 6 of the Lair of Beasts
 25879 | Lair:6   | Offered knowledge of Hailstorm by Vehumet.
 26140 | Lair:6   | Noticed Nessos
 26570 | Orc:1    | Entered Level 1 of the Orcish Mines
 26577 | Orc:1    | Found a frozen archway.
 26597 | IceCv    | Entered an ice cave
 26884 | IceCv    | Found an ancient bone altar of Kikubaaqudgha.
 27347 | IceCv    | Identified Seyrurhu's Handbook of the Glacier
 27624 | Orc:1    | Found Herghon's Book Boutique.
 27704 | Orc:2    | Entered Level 2 of the Orcish Mines
 27708 | Orc:2    | Found a staircase to the Elven Halls.
 27712 | Orc:2    | Offered knowledge of Lee's Rapid Deconstruction by Vehumet.
 27944 | Orc:2    | Reached XP level 15. HP: 94/94 MP: 14/32
 28077 | Orc:2    | Reached skill level 1 in Shields
 28163 | Orc:2    | Reached ****** piety under Vehumet
 28288 | Orc:2    | Reached skill level 5 in Shields
 28427 | Orc:2    | Found Uwnaagyog's Book Emporium.
 28444 | Orc:2    | Found Xaigu's Antique Weapon Shoppe.
 28447 | Orc:2    | Found Suuhedik's Gadget Emporium.
 28448 | Orc:2    | Found Genef's Magic Scroll Boutique.
 28720 | Orc:2    | Offered knowledge of Starburst by Vehumet.
 30369 | Lair:6   | Killed Nessos
 32005 | D:14     | Found a gate leading to a gauntlet.
 32014 | Gauntlet | Entered a Gauntlet
 32014 | Gauntlet | Found a transporter.
 32014 | Gauntlet | Found a transporter.
 32028 | Gauntlet | Found a transporter.
 32045 | Gauntlet | Found the ring of Phasing {EV+8}
 32046 | Gauntlet | Found a transporter.
 32046 | Gauntlet | Found a transporter.
 32046 | Gauntlet | Found a transporter.
 32048 | Gauntlet | Found a transporter.
 32048 | Gauntlet | Found a transporter.
 32062 | Gauntlet | Found a transporter.
 32074 | Gauntlet | Found a runed translucent gate.
 32075 | Gauntlet | Found a transporter.
 32075 | Gauntlet | Found a runed translucent gate.
 32076 | Gauntlet | Found a runed translucent gate.
 32085 | Gauntlet | Found a transporter.
 32087 | Gauntlet | Found the +8 trident of the Octopus King {venom, rElec
                  | rPois MR+}
 32099 | Gauntlet | Found a transporter.
 32119 | Gauntlet | Found a transporter.
 32121 | Gauntlet | Found a runed translucent door.
 32126 | Gauntlet | Found a runed translucent door.
 32130 | Gauntlet | Found a transporter.
 32274 | Gauntlet | Reached XP level 16. HP: 108/108 MP: 18/33
 32500 | Gauntlet | Got a faintly glowing silver ring
 32558 | Gauntlet | Identified the ring of Ibuec {MR+ Int+3}
 32573 | Gauntlet | Identified the ring "Ybov" {rPois Dex+6} (You found it in a
                  | Gauntlet)
 33208 | D:14     | Found a gate to the Vaults.
 33649 | D:14     | Found a sacrificial altar of Ru.
 33704 | D:15     | Entered Level 15 of the Dungeon
 33835 | D:15     | Offered knowledge of Irradiate by Vehumet.
 34288 | D:15     | Reached skill level 15 in Conjurations
 34419 | D:15     | Found a staircase to the Depths.
 35466 | D:7      | Bought a +6 ring of intelligence for 702 gold pieces
 35648 | Snake:1  | Entered Level 1 of the Snake Pit
 35810 | Snake:1  | Identified Roxanne's Handbook of the Thoughtful Teeth
 35810 | Snake:1  | Noticed Roxanne
 35890 | Snake:1  | Killed Roxanne
 36142 | Snake:1  | Found a sacrificial altar of Ru.
 36983 | Snake:2  | Offered knowledge of Conjure Ball Lightning by Vehumet.
 37027 | Snake:2  | Reached XP level 17. HP: 112/112 MP: 21/34
 38816 | Snake:3  | Reached skill level 15 in Spellcasting
 38925 | Snake:3  | Noticed Nikola
 38932 | Snake:3  | Killed Nikola
 39319 | Snake:4  | Entered Level 4 of the Snake Pit
 39377 | Snake:4  | Offered knowledge of Lehudib's Crystal Spear by Vehumet.
 39731 | Snake:4  | Found Wievis's Armour Boutique.
 40225 | Snake:4  | Reached XP level 18. HP: 118/118 MP: 34/38
 40431 | Snake:4  | Offered knowledge of Fire Storm by Vehumet.
 40431 | Snake:4  | Offered knowledge of Chain Lightning by Vehumet.
 40431 | Snake:4  | Offered knowledge of Absolute Zero by Vehumet.
 40831 | Snake:4  | Got a serpentine rune of Zot
 41316 | Shoals:1 | Entered Level 1 of the Shoals
 41544 | Shoals:1 | Found a flickering gateway to a bazaar.
 41559 | Bazaar   | Entered a bazaar
 41559 | Bazaar   | Found Qupuri's Book Shoppe.
 41559 | Bazaar   | Found Suty's Armour Shop.
 41754 | Bazaar   | Found Fiphab's Armour Boutique.
 41768 | Bazaar   | Found Odoer's Antique Armour Shop.
 41776 | Bazaar   | Found Siut's Gadget Emporium.
 41816 | Bazaar   | Bought a manual of Conjurations for 1214 gold pieces
 41850 | Shoals:1 | Noticed Louise
 41855 | Shoals:1 | Killed Louise
 42461 | Shoals:1 | Found Ufiezi's Gadget Boutique.
 44088 | Shoals:3 | Reached XP level 19. HP: 105/124 MP: 36/40
 44951 | Shoals:4 | Entered Level 4 of the Shoals
 45025 | Shoals:4 | Identified the Incunabulum of Bewitching Calling
 45613 | Shoals:4 | Got a barnacled rune of Zot
 45898 | Shoals:4 | Reached skill level 1 in Polearms
 46238 | Shoals:4 | Reached skill level 5 in Polearms
 47300 | Vaults:1 | Entered Level 1 of the Vaults
 47530 | Vaults:1 | Reached skill level 10 in Polearms
 48371 | Vaults:1 | Found a runed translucent gate.
 48371 | Vaults:1 | Found a runed translucent gate.
 48371 | Vaults:1 | Found a runed translucent gate.
 48373 | Vaults:1 | Found an ancient bone altar of Kikubaaqudgha.
 48374 | Vaults:1 | Noticed Tang's ghost (master DsGl)
 48374 | Vaults:1 | Noticed an ancient lich
 48374 | Vaults:1 | Noticed an ancient lich
 48375 | Vaults:1 | Noticed a lich
 48375 | Vaults:1 | Noticed Forgeling's ghost (adept FeEn)
 48974 | Vaults:2 | Reached XP level 20. HP: 80/129 MP: 26/41
 49901 | Vaults:2 | Found Jaorgh's Jewellery Shoppe.
 49932 | Vaults:2 | Bought the ring of Tisoumpo {MR+ Str+4 Dex+5 Stlth+} for
                  | 1029 gold pieces
 50146 | Vaults:2 | Reached skill level 10 in Fighting
 50747 | Vaults:3 | Found a staircase to the Crypt.
 50900 | Vaults:3 | Found a ruined gateway.
 50952 | Desolati | Entered the Desolation of Salt
 52054 | Desolati | Got a masterwork glaive
 52055 | Desolati | Identified the cursed +1 glaive of Ryuboa {vorpal, Str+4
                  | Int-2 Dex+5} (You found it in the Desolation of Salt)
 52143 | Desolati | Identified the +9 hand axe of Suka Fiz {freeze, MR++ Int+2
                  | SInv}
 52281 | Desolati | Found the -2 hat of the Alchemist {rElec rPois rF+ rC+ rN+
                  | MR+ rMut rCorr}
 52293 | Desolati | Identified the Incunabulum of Excruciating Poisoning
 52299 | Desolati | Identified Sif Muna's Tome of Hurtful Augmentations
 53000 | Vaults:3 | Reached XP level 21. HP: 119/147 MP: 27/42
 53391 | Vaults:3 | Found Nofeely's Distillery.
 54103 | Vaults:3 | Reached skill level 15 in Fighting
 55518 | Vaults:4 | Noticed Sojobo
 55665 | Vaults:4 | Reached skill level 10 in Dodging
 56013 | Depths:1 | Entered Level 1 of the Depths
 56372 | Depths:1 | Reached XP level 22. HP: 161/161 MP: 36/43
 56524 | Depths:1 | Found a one-way gate to the infinite horrors of the Abyss.
 56992 | Depths:1 | Found a runed translucent door.
 57231 | Depths:1 | Found a gateway to Hell.
 57234 | Depths:1 | Found Ydiad's One-of-a-Kind Books.
 57826 | Depths:2 | Identified a scroll of acquirement
 58384 | Depths:2 | You fall into a shaft and drop 1 floor!
 58495 | Depths:3 | Found a one-way gate leading to the halls of Pandemonium.
 58593 | Depths:3 | Found a runed translucent gate.
 58593 | Depths:3 | Found a runed translucent gate.
 58593 | Depths:3 | Found a runed translucent gate.
 58596 | Depths:3 | Noticed Qiwept's ghost (veteran BaIE)
 58984 | Depths:3 | Noticed a caustic shrike
 58989 | Depths:3 | Killed a caustic shrike
 59305 | Depths:3 | Learned a level 9 spell: Absolute Zero
 59315 | Depths:3 | Learned a level 9 spell: Fire Storm
 60795 | Depths:4 | Found a flickering gateway to a bazaar.
 60808 | Bazaar   | Entered a bazaar
 60836 | Bazaar   | Found Xaroz's Book Shop.
 60853 | Bazaar   | Found Ofairo's Weapon Shop.
 60866 | Bazaar   | Found Madiuss's Assorted Antiques.
 60903 | Bazaar   | Found Erghe's Armour Shop.
 60940 | Bazaar   | Bought a Necronomicon for 1435 gold pieces
 60940 | Bazaar   | Bought a manual of Conjurations for 1435 gold pieces
 60949 | Bazaar   | Learned a level 8 spell: Necromutation
 61177 | Depths:4 | Found a gateway to a ziggurat.
 61188 | Depths:4 | Reached XP level 23. HP: 166/166 MP: 38/44
 61726 | Depths:4 | Noticed a golden dragon
 61730 | Depths:4 | Killed a golden dragon
 62065 | Depths:5 | Entered Level 5 of the Depths
 62305 | Depths:5 | Found a flickering gateway to a bazaar.
 62315 | Bazaar   | Entered a bazaar
 62345 | Bazaar   | Found Diel's General Store.
 62360 | Bazaar   | Found Ligi's Magic Scroll Emporium.
 62375 | Bazaar   | Found Genyheu's Assorted Antiques.
 62375 | Bazaar   | Found Akeiwn's General Store.
 62412 | Bazaar   | Bought a scroll of teleportation for 21 gold pieces
 62412 | Bazaar   | Bought a scroll of blinking for 52 gold pieces
 62412 | Bazaar   | Bought a scroll of blinking for 52 gold pieces
 62418 | Bazaar   | Bought a scroll of identify for 40 gold pieces
 62462 | Bazaar   | Bought a scroll of fog for 16 gold pieces
 62462 | Bazaar   | Bought a scroll of identify for 16 gold pieces
 62462 | Bazaar   | Bought a scroll of identify for 16 gold pieces
 62462 | Bazaar   | Bought a scroll of identify for 16 gold pieces
 62462 | Bazaar   | Bought a scroll of identify for 16 gold pieces
 62462 | Bazaar   | Bought a scroll of enchant weapon for 60 gold pieces
 62462 | Bazaar   | Bought a scroll of amnesia for 28 gold pieces
 62466 | Bazaar   | Bought a scroll of magic mapping for 28 gold pieces
 62484 | Bazaar   | Bought a scroll of blinking for 75 gold pieces
 62484 | Bazaar   | Bought a scroll of identify for 20 gold pieces
 62484 | Bazaar   | Bought a potion of curing for 30 gold pieces
 62522 | Bazaar   | Bought a scroll of fear for 28 gold pieces
 62704 | Depths:5 | Noticed a golden dragon
 62706 | Depths:5 | Killed a golden dragon
 62970 | Depths:5 | Found a gate to the Realm of Zot.
 63491 | Depths:5 | Reached skill level 15 in Ice Magic
 63737 | Depths:5 | Found Qilus's Gadget Shop.
 63737 | Depths:5 | Found Gegulapa's Jewellery Shoppe.
 63738 | Depths:5 | Found Amajon's Gadget Shop.
 64591 | Elf:1    | Entered Level 1 of the Elven Halls
 64644 | Elf:1    | Found Wuusuoriyt's Armour Emporium.
 66070 | Elf:2    | Found a huge runed translucent gate.
 66070 | Elf:2    | Found a huge runed translucent gate.
 66070 | Elf:2    | Found a huge runed translucent gate.
 66070 | Elf:2    | Found a huge runed translucent gate.
 66071 | Elf:2    | Found a huge runed translucent gate.
 66178 | Elf:2    | Reached XP level 24. HP: 172/172 MP: 35/44
 67212 | Elf:3    | Entered Level 3 of the Elven Halls
 67687 | Elf:3    | Found Hirauf's Book Shoppe.
 67688 | Elf:3    | Found Niarphogi's Assorted Antiques.
 67688 | Elf:3    | Found Mezehitz's Gadget Shoppe.
 67726 | Elf:3    | Found Nucruujol's Book Emporium.
 68094 | Elf:3    | Identified the ring "Byarchyff" {rElec Str-4 Int-2 Slay+6
                  | SInv}
 68226 | Elf:3    | Identified the cursed +1 great mace "Oxaumumm" {pain,
                  | Int+4}
 68226 | Elf:3    | Identified the ring "Vunomyga" {rC+ rN+}
 68246 | Elf:3    | Identified the cursed +0 mace "Zogeid" {freeze, rPois rN+}
 68246 | Elf:3    | Identified the +6 chain mail "Qummed" {rF+ rN+ MR+}
 68246 | Elf:3    | Identified the ring of the Worm {EV+4 Str+2}
 68507 | Elf:3    | Identified the Handbook of Entrancing Stones
 68510 | Elf:3    | Identified the Guide on Flight and Unholy Rituals
 68602 | Elf:3    | Identified the Tome of Earthen Augmentations
 69701 | Vaults:4 | Killed Sojobo
 70047 | Vaults:4 | Noticed Mennas
 70048 | Vaults:4 | Killed Mennas
 70048 | Vaults:4 | Reached XP level 25. HP: 178/178 MP: 37/44
 70525 | Slime:1  | Entered Level 1 of the Pits of Slime
 72423 | Slime:5  | Entered Level 5 of the Pits of Slime
 73089 | Slime:5  | Noticed Dissolution
 73093 | Slime:5  | Killed Dissolution
 73187 | Slime:5  | Noticed the Royal Jelly
 73190 | Slime:5  | Killed the Royal Jelly
 73190 | Slime:5  | Reached XP level 26. HP: 185/185 MP: 44/44
 73986 | Slime:5  | Found the +7 captain's cutlass {speed, disarm}
 74050 | Slime:5  | Got a steaming lapis lazuli ring
 74051 | Slime:5  | Identified the ring "Seytex" {Int+7 Dex+6} (You found it on
                  | level 5 of the Pits of Slime)
 74057 | Slime:5  | Got a slimy rune of Zot
 74060 | Slime:5  | Got a scintillating tin ring
 74061 | Slime:5  | Identified the ring of Lasoisu {Str+2 Stlth+} (You found it
                  | on level 5 of the Pits of Slime)
 74070 | Slime:5  | Got a shimmering trident
 74071 | Slime:5  | Identified the +4 trident of Ravage {vamp, Int+3} (You
                  | found it on level 5 of the Pits of Slime)
 74095 | Slime:5  | Learned a level 8 spell: Controlled Blink
 74495 | Slime:5  | Got a dazzling war axe
 74496 | Slime:5  | Identified the cursed +0 war axe of Ysaiv {flame, +Inv rF-
                  | rC+} (You found it on level 5 of the Pits of Slime)
 74883 | Crypt:1  | Entered Level 1 of the Crypt
 74901 | Crypt:1  | You fall into a shaft and drop 1 floor!
 74908 | Crypt:2  | Reached skill level 1 in Translocations
 75178 | Crypt:2  | Found a transporter.
 75178 | Crypt:2  | Noticed Kucw's ghost (adept GrFi)
 75207 | Crypt:2  | Reached skill level 5 in Translocations
 75377 | Crypt:2  | Found a transporter.
 76529 | Crypt:1  | Reached skill level 10 in Translocations
 77610 | Crypt:2  | Found the +12 Vampire's Tooth {vamp}
 77807 | Crypt:3  | Entered Level 3 of the Crypt
 78276 | Crypt:3  | Found a basalt altar of Yredelemnul.
 79007 | Crypt:3  | Identified Onwis's Handbook of Evil Magic
 79162 | Crypt:3  | Found a staircase to the Tomb.
 80017 | Crypt:3  | Got a polished spear
 80018 | Crypt:3  | Identified the +5 spear "Lifebane" {freeze, rPois MP+9
                  | Dex+4 Stlth+} (You found it on level 3 of the Crypt)
 80104 | Crypt:3  | Reached XP level 27. HP: 190/190 MP: 42/45
 80732 | Hell     | Entered the Vestibule of Hell
 80732 | Hell     | Noticed Geryon
 80734 | Hell     | Killed Geryon
 81354 | Hell     | Found a gateway to the freezing wastes of Cocytus.
 81627 | Hell     | Found a gateway to the Iron City of Dis.
 81741 | Hell     | Found a gateway to the ashen valley of Gehenna.
 81920 | Hell     | Found a gateway to the decaying netherworld of Tartarus.
 82190 | Vaults:5 | Entered Level 5 of the Vaults
 82321 | Vaults:5 | Identified the +7 scythe of the Evil Eye {freeze, MR- Str+2
                  | Int+2}
 83889 | Vaults:5 | Found the +10 dark maul {vorpal}
 83911 | Vaults:5 | Got a silver rune of Zot
 84049 | Vaults:5 | Got a slimy war axe
 84050 | Vaults:5 | Identified the cursed +0 war axe of Fundamental Breach
                  | {vorpal, rElec MR+++ Int-2 Dex+4} (You found it on level 5
                  | of the Vaults)
 84071 | Vaults:5 | Got an ebony rapier
 84072 | Vaults:5 | Identified the +10 rapier "Edwisura" {pain, rN+ Dex+3} (You
                  | found it on level 5 of the Vaults)
 84890 | Depths:3 | Killed Qiwept's ghost
 85311 | Vaults:1 | Killed an ancient lich
 85313 | Vaults:1 | Killed an ancient lich
 85401 | Vaults:1 | Got an ancient amber ring
 85402 | Vaults:1 | Identified the ring of Vuixta Xapu {*Contam +Inv rN++ MP+9
                  | SInv} (You found it on level 1 of the Vaults)
 85414 | Vaults:1 | Killed Forgeling's ghost
 85541 | Vaults:1 | Killed Tang's ghost
 85976 | Geh:1    | Entered Level 1 of Gehenna
 86298 | Geh:1    | You fall into a shaft and drop 1 floor!
 86452 | Geh:2    | Reached skill level 1 in Necromancy
 86519 | Geh:2    | Reached skill level 5 in Necromancy
 86853 | Geh:2    | Reached skill level 10 in Necromancy
 87983 | Geh:1    | Reached skill level 1 in Transmutations
 88366 | Geh:1    | Reached skill level 5 in Transmutations
 88586 | Geh:1    | Found a basalt altar of Yredelemnul.
 90132 | Geh:3    | Reached skill level 10 in Transmutations
 91939 | Geh:4    | You fall into a shaft and drop 2 floors!
 92103 | Geh:6    | Reached skill level 15 in Necromancy
 92794 | Geh:6    | Upgraded the game from 0.25-b1-39-g0d900dab71 to
                  | 0.25-b1-46-gb8a1ec05df
 93829 | Geh:7    | Entered Level 7 of Gehenna
 93975 | Geh:7    | Reached skill level 15 in Transmutations
 96441 | Geh:7    | Identified the +7 sceptre of Asmodeus
 96441 | Geh:7    | Noticed Asmodeus
 96442 | Geh:7    | Killed Asmodeus
 96482 | Geh:7    | Got an obsidian rune of Zot
 96663 | Tar:1    | Entered Level 1 of Tartarus
 99244 | Tar:2    | Reached skill level 27 in Spellcasting
103821 | Tar:3    | Learned a level 5 spell: Aura of Abjuration
103830 | Tar:3    | Learned a level 8 spell: Ignition
104893 | Tar:4    | Reached skill level 10 in Fire Magic
105832 | Tar:5    | Reached skill level 1 in Summonings
106361 | Tar:5    | Reached skill level 5 in Summonings
106649 | Tar:5    | HP: 10/205 [golden dragon zombie (6)]
108440 | Tar:6    | Reached skill level 15 in Fire Magic
111389 | Tar:7    | Entered Level 7 of Tartarus
111466 | Tar:7    | Reached skill level 15 in Polearms
113175 | Tar:7    | Identified the Volume of the Volcanoes and Boosts
113466 | Tar:7    | Got a scorched scimitar
113467 | Tar:7    | Identified the +7 scimitar of Nudghes {vorpal, rElec rF+
                  | Str-3} (You found it on level 7 of Tartarus)
113608 | Tar:7    | Noticed Ereshkigal
113610 | Tar:7    | Killed Ereshkigal
113859 | Tar:7    | Noticed an ancient lich
113861 | Tar:7    | Killed an ancient lich
113861 | Tar:7    | Noticed an ancient lich
113863 | Tar:7    | Killed an ancient lich
113884 | Tar:7    | Got a steaming hand crossbow
113885 | Tar:7    | Identified the +2 hand crossbow of Cobwebs {vorpal, rPois
                  | rC- rN+++ MR+ Int-3} (You found it on level 7 of Tartarus)
114171 | Tar:7    | Noticed an ancient lich
114173 | Tar:7    | Killed an ancient lich
114230 | Tar:7    | Got a bone rune of Zot
114452 | Dis:1    | Entered Level 1 of the Iron City of Dis
124037 | Dis:7    | Entered Level 7 of the Iron City of Dis
124505 | Dis:7    | Reached skill level 27 in Fighting
125155 | Dis:7    | Reached skill level 10 in Shields
126576 | Dis:7    | Identified the +4 staff of Dispater
126576 | Dis:7    | Noticed Dispater
126577 | Dis:7    | Found the +15 Maxwell's patent armour {-Cast -Tele rElec
                  | MR+ rCorr}
126578 | Dis:7    | Killed Dispater
126580 | Dis:7    | Reached skill level 15 in Shields
126752 | Dis:7    | Got an iron rune of Zot
126884 | Dis:7    | Identified the Reference Book on Unholy Venom
130559 | Coc:1    | Entered Level 1 of Cocytus
137088 | Coc:5    | Noticed an ancient lich
137092 | Coc:5    | Killed an ancient lich
139518 | Coc:6    | Reached skill level 27 in Shields
140373 | Coc:7    | Entered Level 7 of Cocytus
141158 | Coc:7    | Noticed the Serpent of Hell
141159 | Coc:7    | Killed the Serpent of Hell
141348 | Coc:7    | Noticed Antaeus
141358 | Coc:7    | Killed Antaeus
141422 | Coc:7    | Got an icy rune of Zot
142368 | Coc:7    | Got a pitted mace
142369 | Coc:7    | Identified the +2 mace "Cetia" {drain, MR+ Dex+3} (You
                  | found it on level 7 of Cocytus)
142372 | Coc:7    | Identified Weomej's Tome of Frigorific Blows and Bruises
142678 | Depths:1 | Voluntarily entered the Abyss.
142809 | Abyss:2  | Found a corrupted altar of Lugonu.
143607 | Abyss:4  | Noticed an ancient lich
143938 | Abyss:4  | Reached skill level 5 in Stealth
144242 | Abyss:4  | Found a corrupted altar of Lugonu.
144255 | Abyss:4  | Found a corrupted altar of Lugonu.
144322 | Abyss:4  | Reached skill level 10 in Stealth
144605 | Abyss:4  | Noticed an ancient lich
144623 | Abyss:4  | Killed an ancient lich
144627 | Abyss:4  | Mangled by a tentacled starspawn

Illustrated notes

Levels and vault maps discovered:
D:1:      dpeg_arrival_round_a, layout_loops_ring
D:2:      minmay_general_purpose_star, layout_basic, xom_redecorated,
          first_ration, okawaru_metal_pillars_1_2
D:3:      wander_river, layout_basic, kennysheep_boxes
D:4:      cheibrodos_thug_alley, layout_basic, serial_curves, eino_curves_03,
          eino_curves_01, eino_curves_04, uniq_crazy_yiuf_cottage,
          uniq_menkaure, uniq_grinder
D:5:      layout_loops_cross, uniq_edmund, uniq_prince_ribbit1
D:6:      layout_cave_pods, old_standard_altar, lemuel_crystal_altar,
          minmay_temple_entry_overgrown, uniq_maggie, uniq_sigmund
D:7:      layout_cave_pools, serial_shops,
          nicolae_shop_temple_entry_statues_fountains, nicolae_shop_behind_doors
D:8:      layout_loops_ring, elyvilon_altar_5, grunt_temple_overflow_open,
          gammafunk_temple_overflow_wave, serial_shops, shop,
          lightli_ossuary_entry_decrepit_ruins, the_bakery, serial_bayou_pond_c,
          uniq_pikel, uniq_maurice, uniq_psyche
D:9:      layout_big_octagon, overflow_temple_1_default, erik_orc_1, basic_altar
D:10:     layout_stronghold, grunt_lair_entry_orc_guard_hut, uniq_josephine
D:11:     layout_grid_maze, kennysheep_generic_room_10
D:12:     layout_basic, st_stairs_12
D:13:     layout_rooms, serial_shops, nicolae_shop_statue_plus, billiards_dpeg
D:14:     layout_stronghold, erik_vaults_1, nicolae_ru_the_path_less_chosen,
          gauntlet_entry_generic
D:15:     hangedman_depths_entry_civil_slaughter, layout_cave_pods
Temple:   cyrus_circular_temple
Lair:1:   layout_cave_shapes, cheibrodos_lair_reptile_den
Lair:2:   layout_hall_layers, shoals_dummy_entry
Lair:3:   beast_lair_carwin_large_4, layout_loops_ring,
          minmay_snake_entry_guardpost_small
Lair:4:   layout_cave_pods, chequers_serial_rivers_small_3
Lair:5:   layout_regular_city, nicolae_slime_entry_slimehenge,
          chequers_serial_rivers_room_b, serial_bayou_shore_a,
          lemuel_fruit_fields, minmay_lair_oklob_chamber
Lair:6:   evilmike_catoblepas_cave, layout_cave_shapes, st_stairs_11,
          uniq_nessos
Shoals:1: cheibrodos_shoals_baths, layout_shoals, serial_shops, bzr_entry_gold,
          shop_statue, uniq_louise
Shoals:2: cheibrodos_shoals_satyrical_garden, layout_shoals
Shoals:3: layout_shoals
Shoals:4: shoals_end_grunt_ice, layout_shoals, ldierk_geyser,
          nicolae_shoals_mertower
Snake:1:  layout_honeycomb, basic_altar, grunt_megastairs_3, uniq_roxanne
Snake:2:  layout_onion
Snake:3:  layout_basic, grunt_ministairs_1, uniq_nikola
Snake:4:  snake_pit, layout_gridlike, st_stairs_4, serial_bayou_pond_b,
          grunt_ministairs_9, nicolae_snake_lava_pool, minmay_shop_star
Slime:1:  layout_caves
Slime:2:  layout_caves
Slime:3:  layout_caves, cheibrodos_slime_lost_civilization_6
Slime:4:  layout_caves
Slime:5:  uniq_dissolution
Orc:1:    layout_diamond_mine, serial_shops, nicolae_shop_crystal,
          portal_ice_cave_entry_pillars_1
Orc:2:    st_orc_open, layout_caves, nicolae_orc_lava_tube,
          nicolae_orc_crystal_geode
Elf:1:    layout_gridlike, serial_shops, shop, kennysheep_underground_church
Elf:2:    layout_gridlike
Elf:3:    minmay_elf_hall_not_hex, layout_gridlike, minmay_shoptagon
Vaults:1: gammafunk_vaults_ghost_crypt, hangedman_vaults_river_flow,
          nicolae_vaults_three_branches, hangedman_vaults_trim,
          nicolae_vaults_sealed_display, vaults_room_semicircle,
          ontoclasm_vaults_fault, layout_vaults_omnigrid
Vaults:2: vaults_room_mumra_shop_pool, vaults_mumra_hexcomb,
          vaults_mumra_chevron, ontoclasm_vaults_ligature, vaults_dpeg_cross,
          vaults_dpeg_ring, hangedman_vaults_slice, v_rooms_1, v_rooms_3,
          layout_vaults_big_room
Vaults:3: v_misc_10, minmay_crypt_entry_simple_round, vaults_room_grid,
          ontoclasm_vaults_ring_square, dpeg_vaults_waves,
          hangedman_vaults_nails, hangedman_vaults_stitches,
          nicolae_vaults_little_squares_2, nicolae_vaults_theta, v_misc_22,
          vaults_mumra_minichess, vaults_room_pools, ontoclasm_vaults_pinch,
          hangedman_vaults_cutoff, layout_vaults_omnicross,
          portal_desolation_entry_salt, serial_shops, shop
Vaults:4: st_lines, nicolae_vaults_what_the_h, nicolae_vaults_rhombus_6,
          vaults_room_pool, ontoclasm_vaults_ring_small, v_misc_9,
          ontoclasm_vaults_decontamination, vaults_dpeg_doors,
          vaults_room_fancy_cross, layout_vaults_omnibox, uniq_mennas,
          uniq_sojobo
Vaults:5
Crypt:1:  layout_gridlike, grunt_ministairs_4, grunt_crypt_arrival_split
Crypt:2:  layout_gridlike, gammafunk_ghost_arena,
          minmay_guarded_unrand_vampires_tooth, grunt_megastairs_2
Crypt:3:  evilmike_haunted_forest
Depths:1: layout_basic, chequers_serial_rivers_small_a,
          hangedman_abyss_entry_splay, pf_coc_iceberg, nicolae_rare_books,
          corexii_leaking_fountain, chequers_serial_rivers_room_a,
          grunt_ministairs_8, small_chamber_with_monster, minmay_acid_items,
          infiniplex_staircase_pool_lava
Depths:2: minmay_distorted_concentric_squares, layout_gridlike,
          pf_vacation_house_of_asmodeus, infiniplex_staircase_zigzag_1
Depths:3: minmay_containers, layout_cave_pools, abyss_entry,
          rand_demon_pan_entry_5, gammafunk_ghost_tricky_traps, hell_entry,
          chequers_serial_rivers_micro_c, serial_bayou_shore_b,
          infiniplex_staircase_spiral, serial_bayou_shore_b
Depths:4: lemuel_flame_loot_2, layout_honeycomb, enter_ziggurat_f,
          abyss_entry_crystal, serial_shops, bzr_entry_dummy, grunt_metal_band,
          lightli_minifort
Depths:5: grunt_crosshair, layout_basic, serial_shops, bzr_entry_islet,
          nrook_mini_backslash, hell_entry, drop_trap, minmay_shop_grove,
          grunt_megastairs_4, uniq_margery
Hell
Dis:1:    layout_overlapping_boxes
Dis:2:    layout_regular_city
Dis:3:    layout_jigsaw
Dis:4:    layout_subdivisions
Dis:5:    layout_chaotic_city, grunt_megastairs_1
Dis:6:    layout_regular_city
Dis:7:    iron_city_of_dis [dis_grunt, dis_wall_3], layout_chaotic_city,
          nicolae_dis_strange_trophy_room
Geh:1:    layout_gehenna_pools_basic, lemuel_hellish_altar
Geh:2:    layout_gehenna_lava_caves
Geh:3:    layout_gehenna_pools_box
Geh:4:    layout_gehenna_pools_box
Geh:5:    layout_gehenna_lava_caves
Geh:6:    layout_gehenna_pools_box
Geh:7:    geh_old
Coc:1:    layout_ice_bergs
Coc:2:    layout_cocytus_water_paths
Coc:3:    layout_cocytus_water_paths
Coc:4:    layout_ice_bergs
Coc:5:    grunt_deathspiral_small, layout_ice_bergs, special_room
          [special_room_morgue]
Coc:6:    layout_cocytus_water_paths
Coc:7:    coc_dpeg
Tar:1:    layout_honeycomb
Tar:2:    layout_honeycomb
Tar:3:    layout_grid_maze, nicolae_tar_cuneiform_sun,
          nicolae_tar_cuneiform_three
Tar:4:    layout_catacombs, nicolae_tar_cuneiform_two, nicolae_tar_cuneiform_not
Tar:5:    layout_catacombs
Tar:6:    layout_grid_maze, nicolae_tar_fractal_crypt
Tar:7:    tar_grunt_cathedral
Abyss:4:  base: D:15, hangedman_cross_veins, hangedman_steaming_rock,
          hangedman_steaming_rock, evilmike_abyss_exit_smiterflies,
          hangedman_abyss_rune_flesh_and_stone,
          guppyfry_abyss_exit_spiral_guarded, minivault_25,
          hangedman_abyss_rune_macabre_mess, guppyfry_abyss_exit_spiral_guarded,
          minivault_25, hangedman_abyss_monster_moat, hangedman_decor_riveting,
          dshaligram_kb_abyss_rune_zappy_water_cross, minivault_24,
          evilmike_abyss_rune_tso_outpost,
          evilmike_nicolae_abyss_rune_containment_curve, abyss_fake_exit,
          evilmike_abyss_rune_siren_acolytes, doesnt_abyss_rune_brain_food,
          evilmike_abyss_exit_chaos, nicolae_abyss_rune_star_stuff,
          evilmike_abyss_exit_chaos, nicolae_abyss_rune_star_stuff,
          bh_abyss_exit_grid, nicolae_abyss_rune_left_handed,
          hangedman_eye_storm, evilmike_nicolae_abyss_rune_containment_curve

Skill      XL: |  1  2  3  4  5  6  7  8  9 10 11 12 13 14 15 16 17 18 19 20 21 22 23 24 25 26 27 |
---------------+----------------------------------------------------------------------------------+-----
Conjurations   | 5 6 7 9 12 13 16 17 19 20 23 | 23.0
Spellcasting   | 4 9 12 13 16 17 18 27 | 27.0
Charms         | 5 6 |  6.0
Fighting       | 3 6 9 13 16 27 | 27.0
Dodging        | 6 8 10 14 | 14.0
Fire Magic     | 4 6 24 | 24.7
Earth Magic    | 4 6 |  6.0
Ice Magic      | 9 12 13 14 16 20 22 23 | 23.0
Shields        | 6 27 | 27.0
Polearms       | 12 14 19 | 19.8
Translocations | 14 | 14.0
Necromancy     | 15 | 15.1
Transmutations | 19 | 19.0
Summonings     | 8 |  8.0
Stealth        | 14 | 14.6

Action                   |  1- 3 |  4- 6 |  7- 9 | 10-12 | 13-15 | 16-18 | 19-21 | 22-24 | 25-27 || total
-------------------------+-------+-------+-------+-------+-------+-------+-------+-------+-------++-------
Melee: Unarmed           |     9 |       |       |       |       |       |       |       |       ||     9
       Constrict         |     8 |    10 |     2 |    15 |       |     4 |     6 |     5 |   434 ||   484
       Dagger            |    18 |    44 |     1 |       |       |       |       |       |       ||    63
       Tentacles         |     2 |     3 |       |     6 |       |     8 |    15 |    16 |  1358 ||  1408
       Flail             |       |       |     5 |    50 |       |    45 |     6 |       |       ||   106
       Demon trident     |       |       |       |       |       |       |    59 |       |     6 ||    65
       Hand axe          |       |       |       |       |       |       |       |    35 |   100 ||   135
       Trident           |       |       |       |       |       |       |       |       |  5263 ||  5263
Throw: Dart              |       |       |       |     3 |       |       |       |       |       ||     3
 Cast: Magic Dart        |    18 |    19 |    83 |   283 |   466 |   109 |    30 |    14 |     2 ||  1024
       Searing Ray       |     6 |    24 |    56 |    66 |    60 |    13 |     2 |     1 |       ||   228
       Iskenderun's Batt |       |       |    12 |   102 |   139 |    52 |    10 |     7 |     1 ||   323
       Mephitic Cloud    |       |       |       |     2 |     3 |       |       |       |       ||     5
       Bolt of Magma     |       |       |       |    33 |   195 |   135 |   154 |    45 |    66 ||   628
       Ozocubu's Refrige |       |       |       |       |    33 |   221 |   366 |   322 |   811 ||  1753
       Iron Shot         |       |       |       |       |       |       |    11 |   162 |   666 ||   839
       Absolute Zero     |       |       |       |       |       |       |       |     9 |  1378 ||  1387
       Ignition          |       |       |       |       |       |       |       |       |   520 ||   520
       Necromutation     |       |       |       |       |       |       |       |       |   514 ||   514
       Fire Storm        |       |       |       |       |       |       |       |       |    16 ||    16
       Controlled Blink  |       |       |       |       |       |       |       |       |     4 ||     4
       Aura of Abjuratio |       |       |       |       |       |       |       |       |     2 ||     2
 Abil: End Transformatio |       |       |       |       |       |       |       |       |    13 ||    13
Evoke: Wand              |       |       |       |       |     1 |     1 |     1 |     1 |    18 ||    22
  Use: Scroll            |       |       |     5 |     2 |    17 |    10 |     2 |    11 |    19 ||    66
       Potion            |       |       |       |       |       |       |       |     1 |     2 ||     3
 Stab: Sleeping          |     4 |     4 |       |     1 |       |     2 |     2 |       |    24 ||    37
       Distracted        |       |       |     1 |       |       |       |       |       |    26 ||    27
       Petrified         |       |       |       |       |       |       |       |       |     9 ||     9
  Eat: Chunk             |     2 |     9 |    16 |    41 |    41 |    22 |    34 |    38 |    28 ||   231
       Ration            |       |       |     1 |     1 |     5 |     4 |     1 |     1 |    19 ||    32
Armor: Skin              |     2 |     8 |     6 |    23 |     6 |     8 |     3 |       |   112 ||   168
Dodge: Dodged            |    21 |    27 |    53 |   104 |   114 |   154 |    99 |   106 |  2854 ||  3532
Block: Buckler           |       |       |       |       |    14 |    73 |    54 |    35 |   970 ||  1146
       Tower shield      |       |       |       |       |       |       |       |       |  1362 ||  1362
